 Dungeon Crawl Stone Soup version 0.29-a0-23-ga79f92ac9c (webtiles) character file.

Game seed: 3434396719481534499

26145 hatsuma the Destroyer (level 12, -1/94 HPs)
             Began as a Red Draconian Conjurer on Jan 27, 2022.
             Was a High Priest of Vehumet.
             Slain by Rupert (17 damage)
             ... while paralysed by Rupert
             ... on level 3 of the Lair of Beasts on Jan 30, 2022.
             The game lasted 02:54:33 (22255 turns).

hatsuma the Destroyer (Red Draconian Conjurer)     Turns: 22255, Time: 02:54:33

Health: -1/94      AC: 10    Str: 11    XL:     12   Next: 95%
Magic:  16/22      EV:  2    Int: 29    God:    Vehumet [*****.]
Gold:   839        SH:  0    Dex:  9    Spells: 1/25 levels left

rFire   + . .      SeeInvis .   E - +3 scimitar (flame)
rCold   . . .      Faith    .   (no shield)
rNeg    + + +      Spirit   .   (armour unavailable)
rPois   ∞          Reflect  .   (helmet restricted)
rElec   .          Harm     .   (no cloak)
rCorr   .          Rampage  .   m - +1 pair of gloves
Will    .....                   (no boots)
Stlth   ++........              p - amulet of the acrobat
HPRegen 0.25/turn               n - ring of poison resistance
MPRegen 0.18/turn               B - +6 ring of intelligence

@: paralysed, petrified
A: breathe fire, AC +8, unfitting armour, fire resistance 1, cold-blooded
a: Breathe Fire, Renounce Religion


You were on level 3 of the Lair of Beasts.
You worshipped Vehumet.
Vehumet was extremely pleased with you.
You visited 3 branches of the dungeon, and saw 15 of its levels.
You also visited: Volcano.

You collected 839 gold pieces.

Inventory:

Hand Weapons
 E - a +3 scimitar of flaming (weapon)
Missiles
 j - 6 atropa-tipped darts
Armour
 m - a +1 pair of gloves (worn)
Jewellery
 f - a ring of magical power
 n - a ring of poison resistance (left hand)
 p - an amulet of the acrobat (around neck)
 B - a +6 ring of intelligence (right hand)
Wands
 b - a wand of flame (9)
 s - a wand of charming (13)
 t - a wand of polymorph (6)
 F - a wand of mindburst (2)
Scrolls
 a - 2 scrolls of brand weapon
 d - 2 scrolls of enchant weapon
 h - 3 scrolls of amnesia
 i - 4 scrolls of teleportation
 k - a scroll of magic mapping
 o - 3 scrolls of fear
 w - a scroll of immolation
 C - a scroll of fog
Potions
 c - 2 potions of mutation
 e - a potion of attraction {unknown}
 g - 4 potions of brilliance
 l - a potion of heal wounds
 r - a potion of might {unknown}
 u - 2 potions of curing
 v - 2 potions of ambrosia {unknown}
 z - a potion of berserk rage
 A - 2 potions of lignification
Miscellaneous
 y - a box of beasts (inert)
 D - a tin of tremorstones (2/2)


   Skills:
 - Level 5.0 Fighting
 - Level 3.2(3.9) Short Blades
 - Level 3.3(4.0) Long Blades
 - Level 1.2 Maces & Flails
 - Level 4.0 Dodging
 - Level 4.0 Stealth
 - Level 7.0 Spellcasting
 + Level 12.1 Conjurations
 - Level 7.3 Hexes
 - Level 7.4 Translocations
 - Level 11.3 Fire Magic
 - Level 4.0 Evocations


You had one spell level left.
You knew the following spells:

 Your Spells              Type           Power      Damage    Failure   Level
a - Magic Dart            Conj           100%       1d8       1%          1
b - Searing Ray           Conj           100%       2d8       1%          2
c - Dazzling Flash        Conj/Hex       100%       N/A       1%          3
d - Fulminant Prism       Conj/Hex       30%        3d16      1%          4
e - Iskenderun's Mystic   Conj/Tloc      61%        2d13      1%          4
f - Fireball              Conj/Fire      34%        3d14      1%          5
g - Iskenderun's Battles  Conj           69%        2d12      1%          5

Your spell library contained the following spells:

 Spells                   Type           Power      Damage    Failure   Level
 Flame Wave               Conj/Fire      68%        2d13      1%          4
 Blink                    Tloc           100%       N/A       1%          2
 Ensorcelled Hibernation  Hex/Ice        62%        N/A       1%          2
 Lesser Beckoning         Tloc           52%        N/A       1%          3
 Cause Fear               Hex            26%        N/A       2%          4
 Manifold Assault         Tloc           52%        N/A       7%          5
 Passwall                 Tmut/Erth      8%         N/A       8%          2
 Orb of Destruction       Conj           34%        9d10      9%          7
 Swiftness                Air            10%        N/A       16%         3
 Conjure Ball Lightning   Conj/Air       22%        3x3d6     17%         6
 Dragon Form              Tmut           5%         N/A       100%        7
 Dragon's Call            Summ           5%         N/A       100%        9


Dungeon Overview and Level Annotations

Branches:
Dungeon (11/15)            Temple (1/1) D:5            Lair (3/6) D:9
  Snake (0/4) Lair:2          Orc (0/2) D:10        Volcano (visited)
  Swamp: Lair:2-4    Shoals: Lair:2-4

Altars:
Ashenzari
Cheibriados
Dithmenos
Elyvilon
Fedhas
Gozag
Hepliaklqana
Kikubaaqudgha
Makhleb
Nemelex Xobeh
Okawaru
Qazlal
Ru
Sif Muna
Trog
Uskayaw
Vehumet
Wu Jian
Xom
Yredelemnul
Zin
The Shining One

Shops:
D:1 *   D:5 [   D:7 !   D:11 !

Annotations:
D:3 3 runed translucent doors, croobank's ghost, amateur DrFE
Lair:1 3 runed translucent doors, enile's ghost, journeyman OgAE
Lair:3 Rupert


Innate Abilities, Weirdness & Mutations

You can breathe blasts of fire.
Your fiery red scales are hard. (AC +8)
You cannot fit into any form of body armour.
Your flesh is heat resistant. (rF+)
You are cold-blooded and may be slowed by cold attacks.


Message History

Welcome back, hatsuma the Red Draconian Conjurer.
Vehumet says: Let it end in hellfire!
Press ? for a list of commands and other information.
As you read the scroll of teleportation, it crumbles to dust.
You feel strangely unstable. The black mamba barely misses you.
Rupert hits you with a +0 executioner's axe of electrocution!!
* * * LOW HITPOINT WARNING * * *
Rupert hits your battlesphere with a +0 executioner's axe of electrocution!
Your battlesphere is destroyed!
The black mamba bites you but does no damage.
The basilisk gazes at you.
You are slowing down.
You feel much better. The black mamba barely misses you.
The cane toad barely misses you.
Rupert hits you with a +0 executioner's axe of electrocution!
The black mamba barely misses you. The basilisk gazes at you.
You resist with some effort.
The cane toad stings you but does no damage.
Rupert yells loudly at you.
You suddenly lose the ability to move!
The black mamba bites you but does no damage.
Your limbs are stiffening.
The black mamba bites you. The cane toad stings you! The basilisk gazes at you.
You resist with some effort.
Rupert roars madly and goes into a rage!
Rupert goes berserk!
You have turned to stone.
The black mamba bites you!
* * * LOW HITPOINT WARNING * * *
Rupert hits you with a +0 executioner's axe of electrocution.
* * * LOW HITPOINT WARNING * * *
The cane toad stings you!
* * * LOW HITPOINT WARNING * * *
The black mamba bites you but does no damage.
The basilisk gazes at you.
Your surroundings seem slightly different.
Found a stone staircase leading down.
Rupert hits you with a +0 executioner's axe of electrocution!!
You die...

...........P#..
...............
..F...(<...@...
...............
............#.)
...F.......##
####.........
######.........$.
####.#.#D@.......##..
#......°@......... ..
#.....§SF........
#.#P#............ #.
####...........
............
##.........>.
............
....).....


You could see Rupert (berserk), a black mamba, a cane toad and a steam dragon.

Vanquished Creatures
  A boulder beetle (Lair:2)
  4 hydras
  Erica (D:9)
  A two-headed ogre (D:10)
  A death yak (D:9)
  A lindwurm (Lair:2)
  An ugly thing (D:11)
  A black mamba (Lair:1)
  7 cane toads
  A gargoyle (D:10)
  A rime drake (Lair:1)
  A komodo dragon (Lair:1)
  A troll (D:11)
  3 polar bears (Lair:2)
  A hornet (D:9)
  Grinder (D:3)
  4 dream sheep (Lair:2)
  5 blink frogs (Lair:1)
  2 shadows
  Sigmund (D:2)
  A wraith (D:9)
  30 yaks
  2 wyverns (Lair:2)
  2 basilisks (Lair:2)
  2 steam dragons (D:9)
  3 nagas (Lair:2)
  2 acid dragons
  A water moccasin (Lair:3)
  2 ice beasts
  3 orc warriors
  A sky beast (D:8)
  4 necrophages
  3 ogres
  2 phantoms (D:10)
  6 centaurs
  22 wolves
  5 kobold brigands
  Blork the orc (D:5)
  4 bullfrogs
  5 gnoll sergeants
  A scorpion (D:7)
  A water moccasin zombie (D:6)
  18 killer bees
  A troll zombie (D:10)
  7 electric eels
  4 howler monkeys
  8 wights
  A bullfrog zombie (D:5)
  4 hounds
  3 centaur zombies
  An iron imp (D:4)
  2 gnoll shamans (D:6)
  8 orc priests
  A jelly (D:4)
  4 iguanas
  Ijyb (D:3)
  11 orc wizards
  7 ogre zombies (D:10)
  A hound skeleton (D:4)
  Robin (D:2)
  3 howler monkey zombies
  20 gnolls
  7 adders
  2 shadow imps
  2 white imps
  An ufetubus (D:5)
  3 worms
  3 dart slugs
  27 orcs
  3 endoplasms
  16 goblins
  19 hobgoblins
  4 jackals
  34 kobolds
  7 quokkas
  8 ball pythons
  7 bats
  A frilled lizard (D:3)
  A goblin skeleton (D:10)
  A goblin zombie (D:10)
  A hobgoblin skeleton (D:10)
  3 hobgoblin zombies (D:10)
  An orc skeleton (D:10)
  16 orc zombies (D:10)
  7 rats
  A bush (Lair:1)
423 creatures vanquished.

Vanquished Creatures (others)
  163 fulminant prisms
  24 fungi
  93 plants
280 creatures vanquished.

Grand Total: 703 creatures vanquished

Notes
Turn   | Place    | Note
-------+----------+-------------------------------------------
     0 | D:1      | hatsuma the Draconian Conjurer began the quest for the Orb.
     0 | D:1      | Reached XP level 1. HP: 14/14 MP: 3/3
    82 | D:2      | Reached skill level 1 in Fighting
   433 | D:2      | Reached skill level 1 in Maces & Flails
   447 | D:2      | Reached XP level 2. HP: 23/23 MP: 0/5
   450 | D:2      | Learned a level 2 spell: Searing Ray
   863 | D:2      | Reached XP level 3. HP: 30/30 MP: 2/6
  1111 | D:2      | Noticed Sigmund
  1125 | D:1      | Found Obro's General Store.
  1130 | D:1      | Reached skill level 1 in Short Blades
  1548 | D:1      | Learned a level 3 spell: Dazzling Flash
  1874 | D:2      | You fall into a shaft and drop 1 floor!
  1898 | D:3      | Noticed Ijyb
  1906 | D:3      | Killed Ijyb
  1907 | D:3      | Reached skill level 1 in Hexes
  1907 | D:3      | Reached XP level 4. HP: 31/37 MP: 1/7
  1974 | D:2      | Noticed Robin
  1979 | D:2      | Killed Robin
  2896 | D:3      | Found a runed translucent gate.
  2897 | D:3      | Found a runed translucent gate.
  2897 | D:3      | Found a runed translucent gate.
  2897 | D:3      | Noticed a kobold brigand
  2898 | D:3      | Noticed croobank's ghost (amateur DrFE)
  3141 | D:3      | Found a glowing silver altar of Zin.
  3155 | D:3      | Found a hide-covered altar of Uskayaw.
  3165 | D:3      | Found a sparkling altar of Nemelex Xobeh.
  3168 | D:3      | Found a bloodstained altar of Trog.
  3168 | D:3      | Noticed Grinder
  3176 | D:3      | Paralysed by Grinder for 3 turns
  3446 | D:2      | Killed Sigmund
  3447 | D:2      | Reached XP level 5. HP: 20/42 MP: 1/8
  3447 | D:2      | Reached XP level 6. HP: 24/50 MP: 1/9
  4109 | D:3      | Paralysed by Grinder for 4 turns
  4123 | D:3      | Killed Grinder
  4124 | D:3      | Reached skill level 5 in Conjurations
  4286 | D:3      | Upgraded the game from 0.29-a0-8-g0446c0dae4 to
                  | 0.29-a0-9-g022ca4c890
  4415 | D:4      | Your scales start taking on a fiery red colour.
  4415 | D:4      | Reached XP level 7. HP: 57/57 MP: 4/10
  4415 | D:4      | Gained mutation: Your flesh is heat resistant. (rF+) [Red
                  | Draconian growth]
  4420 | D:4      | Learned a level 4 spell: Fulminant Prism
  4840 | D:4      | Found a shadowy altar of Dithmenos.
  4937 | D:4      | Reached skill level 6 in Conjurations
  5163 | D:4      | Identified the +3 spear "Wixasso" {holy, Will++ Str-4
                  | Dex+2}
  5565 | D:4      | Found a snail-covered altar of Cheibriados.
  5785 | D:5      | Entered Level 5 of the Dungeon
  6018 | D:5      | Noticed Blork the orc
  6020 | D:5      | Killed Blork the orc
  6021 | D:5      | Reached skill level 7 in Conjurations
  6052 | D:5      | Identified the +2 chain mail "Lextioro" {Str+4}
  6257 | D:5      | Reached XP level 8. HP: 63/63 MP: 8/11
  6440 | D:5      | Found Erghikk's Armour Emporium.
  6787 | D:5      | Learned a level 4 spell: Iskenderun's Mystic Blast
  6893 | D:5      | Found a staircase to the Ecumenical Temple.
  6902 | Temple   | Entered the Ecumenical Temple
  6944 | Temple   | Upgraded the game from 0.29-a0-9-g022ca4c890 to
                  | 0.29-a0-11-ga75d3d97ab
  6954 | Temple   | Became a worshipper of Vehumet
  7164 | D:6      | Reached skill level 1 in Translocations
  8209 | D:6      | Reached XP level 9. HP: 43/70 MP: 12/15
  8433 | D:6      | Reached * piety under Vehumet
  8433 | D:6      | Offered knowledge of Shock by Vehumet.
  8884 | D:6      | Reached skill level 8 in Conjurations
  9234 | D:7      | Found Naungy's Distillery.
  9281 | D:7      | Found an iron altar of Okawaru.
  9469 | D:7      | Found a glowing golden altar of the Shining One.
  9584 | D:7      | Found a sacrificial altar of Ru.
  9641 | D:7      | Reached skill level 9 in Conjurations
  9815 | D:7      | Reached skill level 5 in Translocations
 10702 | D:8      | Reached skill level 5 in Spellcasting
 10893 | D:8      | Reached ** piety under Vehumet
 10893 | D:8      | Offered knowledge of Sandblast by Vehumet.
 10931 | D:8      | Reached XP level 10. HP: 77/77 MP: 5/18
 11034 | D:8      | Learned a level 5 spell: Fireball
 11085 | D:8      | Reached skill level 1 in Fire Magic
 11364 | D:8      | Found a blossoming altar of Fedhas.
 11995 | D:9      | Reached skill level 10 in Conjurations
 12088 | D:9      | Offered knowledge of Conjure Flame by Vehumet.
 12182 | D:9      | Found an opulent altar of Gozag.
 12258 | D:9      | Found a staircase to the Lair.
 12259 | D:9      | Noticed a death yak
 12358 | D:9      | Noticed a death yak
 12360 | D:9      | Noticed a death yak
 12643 | D:9      | Reached skill level 5 in Fire Magic
 12953 | D:9      | Noticed Erica
 12963 | D:9      | Killed Erica
 13029 | D:9      | Reached skill level 5 in Hexes
 13347 | D:10     | Entered Level 10 of the Dungeon
 13364 | D:10     | Reached *** piety under Vehumet
 13979 | D:10     | Reached XP level 11. HP: 82/82 MP: 6/19
 13994 | D:10     | Offered knowledge of Sticky Flame by Vehumet.
 14303 | D:10     | Noticed a two-headed ogre
 14310 | D:10     | Killed a two-headed ogre
 14413 | D:10     | Found a burning altar of Makhleb.
 14414 | D:10     | Noticed a cacodemon
 14456 | D:10     | Reached skill level 11 in Conjurations
 14611 | D:10     | Reached **** piety under Vehumet
 14692 | D:10     | Offered knowledge of Olgreb's Toxic Radiance by Vehumet.
 15120 | D:9      | Noticed a centaur warrior
 15396 | D:10     | Found a staircase to the Orcish Mines.
 15565 | D:11     | Noticed a brown ugly thing
 15580 | D:11     | Killed a brown ugly thing
 15935 | D:11     | Found Xeqiafot's Distillery.
 16913 | D:9      | Killed a death yak
 16992 | Lair:1   | Entered Level 1 of the Lair of Beasts
 16992 | Lair:1   | Noticed a 12-headed hydra
 16992 | Lair:1   | Noticed a five-headed hydra
 16992 | Lair:1   | Found a runed translucent gate.
 16992 | Lair:1   | Found a runed translucent gate.
 16992 | Lair:1   | Found a runed translucent gate.
 16993 | Lair:1   | Noticed an 11-headed hydra
 16993 | Lair:1   | Noticed enile's ghost (journeyman OgAE)
 17005 | Lair:1   | Killed a five-headed hydra
 17196 | Lair:1   | Found a burning altar of Makhleb.
 17383 | Lair:1   | Reached skill level 1 in Long Blades
 18105 | Lair:1   | Reached XP level 12. HP: 92/92 MP: 16/22
 18142 | Lair:1   | Learned a level 5 spell: Iskenderun's Battlesphere
 18417 | Lair:1   | Noticed a four-headed hydra
 18437 | Lair:1   | Killed a four-headed hydra
 18849 | Lair:1   | Noticed a four-headed hydra
 18860 | Lair:1   | Killed a four-headed hydra
 18867 | Lair:1   | Reached skill level 12 in Conjurations
 20174 | Lair:2   | Noticed a boulder beetle
 20278 | Lair:2   | Killed a boulder beetle
 20339 | Lair:2   | Noticed a four-headed hydra
 20356 | Lair:2   | Found a dark tunnel.
 20356 | Lair:2   | Killed a four-headed hydra
 20357 | Lair:2   | Reached skill level 10 in Fire Magic
 20365 | Volcano  | Entered a volcano
 20393 | Volcano  | Noticed a two-headed ogre
 20395 | Volcano  | Noticed a two-headed ogre
 20547 | Lair:1   | Upgraded the game from 0.29-a0-11-ga75d3d97ab to
                  | 0.29-a0-23-ga79f92ac9c
 20859 | Lair:2   | Reached ***** piety under Vehumet
 21029 | Lair:2   | Reached skill level 5 in Fighting
 21485 | Lair:2   | Found a stormy altar of Qazlal.
 21496 | Lair:2   | Offered knowledge of Flame Wave by Vehumet.
 21802 | Lair:2   | Found a staircase to the Snake Pit.
 22046 | Lair:3   | Noticed Rupert
 22070 | Lair:3   | Noticed an eight-headed hydra
 22252 | Lair:3   | Paralysed by Rupert for 7 turns
 22255 | Lair:3   | Slain by Rupert

Illustrated notes

Levels and vault maps discovered:
D:1:      dpeg_arrival_tiny_k, layout_rooms, serial_shops, shop
D:2:      layout_basic, serial_rivers, chequers_serial_rivers_small_3,
          chequers_serial_rivers_room_a, chequers_serial_rivers_large_b,
          chequers_serial_rivers_micro_c, chequers_serial_rivers_room_a,
          chequers_serial_rivers_micro_a, amcnicky_mini_pool_small,
          minmay_cupped, uniq_robin, uniq_sigmund
D:3:      layout_basic, grunt_temple_overflow_cloverleaf,
          gammafunk_ghost_nasty_kobolds, uniq_grinder, uniq_ijyb
D:4:      layout_loops_ring, slow_altar_2, overflow_temple_1_default
D:5:      layout_rooms, minmay_temple_entry_antechambers, serial_shops, shop,
          uniq_blork_the_orc
D:6:      kennysheep_housing_project, layout_basic
D:7:      layout_loops_corners, amcnicky_altar_gilded, kennysheep_mini_moat,
          nicolae_ru_awakened_eye, serial_shops, shop, nrook_uturn,
          water_boxes_lemuel
D:8:      layout_loops_ring, mainiacjoe_overflow_catwalk, corner_web_ring,
          hangedman_decor_peaks_small
D:9:      cheibrodos_elevator_heist, layout_irregular_city,
          nicolae_overflow_hidden_temple, dpeg_lair_monsters, uniq_erica
D:10:     layout_small_grid, makhleb_altar_promises_db, zombieorc2_lemuel,
          st_stairs_12
D:11:     layout_basic, serial_shops, shop
Temple:   eino_temple_lava
Lair:1:   layout_layer_cave, gammafunk_ghost_hydra_chop, basic_altar,
          serial_bayou_lake_a
Lair:2:   layout_hall_layers, minmay_snake_entry_guardpost_small, basic_altar,
          nicolae_volcano_entry_vermiform, beast_lair_carwin_9,
          grunt_megastairs_2, infiniplex_staircase_pool_2
Lair:3:   layout_small_grid, minmay_swamp_entry_worms,
          gammafunk_ghost_abyssal_escape, uniq_rupert, uniq_gastronok

Skill      XL: |  1  2  3  4  5  6  7  8  9 10 11 12 |
---------------+-------------------------------------+-----
Fighting       | 1 2 3 4 5 |  5.0
Maces & Flails | 1 |  1.2
Stealth        | 2 4 |  4.0
Short Blades   | 1 2 3 |  3.2
Hexes          | 1 2 3 4 5 7 |  7.3
Evocations     | 3 4 |  4.0
Conjurations   | 5 7 9 10 11 12 | 12.1
Spellcasting   | 4 5 7 |  7.0
Translocations | 4 5 7 |  7.4
Dodging        | 3 4 |  4.0
Fire Magic     | 8 9 11 | 11.3
Long Blades    | 3 |  3.3

Action                   |  1- 3 |  4- 6 |  7- 9 | 10-12 || total
-------------------------+-------+-------+-------+-------++-------
Melee: Unarmed           |    18 |       |       |       ||    18
       Club              |     8 |       |       |       ||     8
       Tailslap          |     5 |     1 |       |    30 ||    36
       Dagger            |    21 |    34 |    36 |   103 ||   194
       Punch             |       |     1 |     1 |     3 ||     5
       Scimitar          |       |       |       |    47 ||    47
 Cast: Magic Dart        |    21 |     2 |     6 |    19 ||    48
       Searing Ray       |    17 |    16 |    55 |    55 ||   143
       Dazzling Flash    |       |     1 |     1 |     1 ||     3
       Fulminant Prism   |       |       |    27 |   136 ||   163
       Fireball          |       |       |       |    13 ||    13
       Iskenderun's Myst |       |       |       |     1 ||     1
       Iskenderun's Batt |       |       |       |    13 ||    13
 Abil: Breathe Fire      |       |       |    62 |    65 ||   127
Evoke: Wand              |       |     2 |       |     4 ||     6
       Box of beasts     |       |       |       |     1 ||     1
  Use: Scroll            |     1 |       |    11 |    11 ||    23
       Potion            |       |       |       |     4 ||     4
 Stab: Sleeping          |     1 |     1 |     1 |     2 ||     5
       Paralysed         |       |       |       |    11 ||    11
Armor: Skin              |    31 |    12 |    32 |    97 ||   172
Dodge: Dodged            |    66 |    33 |    65 |   240 ||   404

Table legend: (Time is in decaauts)
 A = Elapsed time spent in this place.
 B = Non-inter-level travel time spent in this place.
 C = Inter-level travel time spent in this place.
 D = Time resting spent in this place.
 E = Time spent auto-exploring this place.
 F = Levels seen in this place.
 G = Mean time per level.
                   A        B        C        D        E       F      G
               +--------+--------+--------+--------+--------+-----+--------+
         Total |  22366 |  20908 |   1458 |   8636 |   5019 |  16 | 1397.9 |
       Dungeon |  17367 |  16298 |   1069 |   6667 |   4494 |  11 | 1578.8 |
        Temple |     61 |     45 |     16 |      0 |      0 |   1 |   61.0 |
          Lair |   4880 |   4508 |    372 |   1969 |    525 |   3 | 1626.7 |
       Volcano |     57 |     57 |      0 |      0 |      0 |   1 |   57.0 |
               +--------+--------+--------+--------+--------+-----+--------+

Top non-repeatable levels by time:
  Lair:1: 3152 daAuts
     D:2: 2284 daAuts
     D:9: 2197 daAuts
     D:6: 2190 daAuts
    D:10: 1988 daAuts
  Lair:2: 1673 daAuts
     D:4: 1665 daAuts
     D:7: 1437 daAuts
    D:11: 1278 daAuts
     D:8: 1252 daAuts
     D:3: 1174 daAuts
     D:5: 1002 daAuts
     D:1: 896 daAuts
  Temple: 61 daAuts
 Volcano: 57 daAuts
